 Dungeon Crawl Stone Soup version 0.19.5 (webtiles) character file.

3566 Jerry the Cleaver (level 9, 2/68 HPs)
             Began as a Deep Dwarf Fighter on Mar 20, 2017.
             Was a Believer of Makhleb.
             Quit the game in a bailey.
             The game lasted 00:32:32 (6588 turns).

Jerry the Cleaver (Deep Dwarf Fighter)              Turns: 6588, Time: 00:32:33

Health: 2/68       AC: 22    Str: 23    XL:     9   Next: 84%
Magic:  8/8        EV:  7    Int: 10    God:    Makhleb [**....]
Gold:   410        SH:  0    Dex: 13    Spells: 0 memorised, 8 levels left

rFire  . . .     SeeInvis .     C - -3 hand axe (curse)
rCold  + . .     Gourm    .     F - +0 plate armour
rNeg   + . .     Faith    .     (no shield)
rPois  .         Spirit   .     g - +2 helmet
rElec  .         Reflect  .     D - +0 cloak
rCorr  .         Harm     .     (no gloves)
MR     +....                    l - -1 pair of boots (curse)
Stlth  ..........               (no amulet)
                                y - ring of protection from cold
                                d - ring of positive energy

@: non-regenerating
A: damage resistance, recharge devices, talons 1, icy blue scales 1, frail 2,
sense surroundings 2, screaming 1, shaggy fur 1, slow regeneration 3, strong 1,
subdued magic 1
a: Device Recharging, Minor Destruction, Renounce Religion


You were in a bailey.
You worshipped Makhleb.
Makhleb was pleased with you.
You were not hungry.

You visited 2 branches of the dungeon, and saw 9 of its levels.
You also visited: Bailey.

You collected 410 gold pieces.

Inventory:

Hand Weapons
 a - a +1 war axe
 u - a +2 whip of venom
 C - a cursed -3 hand axe (weapon)
Armour
 c - a +0 shield
 g - a +2 helmet (worn)
 l - a cursed -1 pair of boots (worn)
 m - a +0 chain mail
 D - a +0 cloak (worn)
 F - a +0 plate armour (worn)
Rods
 v - a +2 lightning rod (14/14)
   (You found it on level 8 of the Dungeon)
Jewellery
 d - a ring of positive energy (left hand)
 y - a ring of protection from cold (right hand)
 H - an uncursed ring of wizardry
Wands
 e - a wand of heal wounds (2/9)
 s - a wand of digging (11/24)
 z - a wand of paralysis (0/24)
Scrolls
 h - 2 scrolls of enchant armour
 i - 2 scrolls of teleportation
 n - a scroll of magic mapping
 t - a scroll of identify
Potions
 j - a potion of invisibility
 o - 2 potions of ambrosia
 r - a potion of flight
 w - 2 potions of curing {unknown}
 A - a potion of berserk rage {unknown}
 B - 5 potions of degeneration {unknown}
 E - a potion of haste
Books
 p - a book of Misfortune

   Spells                             Type                      Level
   a - Confusing Touch                Hexes                        1
   b - Confuse                        Hexes                        3
   c - Gell's Gravitas                Hexes/Translocation          3
   d - Petrify                        Transmutation/Earth          4
   e - Metabolic Englaciation         Hexes/Ice                    5
   f - Yara's Violent Unravelling     Hexes/Transmutation          5
 q - a book of Callings

   Spells                             Type                      Level
   a - Summon Small Mammal            Summoning                    1
   b - Call Imp                       Summoning                    2
   c - Call Canine Familiar           Summoning                    3
   d - Summon Guardian Golem          Hexes/Summoning              3
   e - Summon Lightning Spire         Summoning/Air                4
   f - Summon Ice Beast               Ice/Summoning                4
Comestibles
 b - 4 meat rations
 f - 5 bread rations
 k - a slice of pizza
 x - 5 fruits
 G - 33 chunks of flesh


   Skills:
 + Level 6.9 Fighting
 * Level 10.7 Axes
 + Level 8.5 Armour
 - Level 3.2 Shields
 + Level 3.2 Invocations


You had 8 spell levels left.
You didn't know any spells.

Dungeon Overview and Level Annotations

Branches:
Dungeon (8/15)             Temple (1/1) D:7
   Lair: D:8-11

Altars:
Ashenzari
Cheibriados
Dithmenos
Elyvilon
Fedhas
Gozag
Hepliaklqana
Kikubaaqudgha
Makhleb
Nemelex Xobeh
Okawaru
Qazlal
Ru
Sif Muna
Trog
Uskayaw
Vehumet
Xom
Yredelemnul
Zin
The Shining One

Annotations:
D:4 Sigmund


Innate Abilities, Weirdness & Mutations

You are resistant to damage.
You can recharge devices by infusing magical energy.
You passively map the area around you.
You do not regenerate.
You have sharp toenails.
You are partially covered in icy blue scales. (AC +2)
You are very frail. (-20% HP)
You occasionally shout uncontrollably at your foes.
You are covered in fur. (AC +1)
Your muscles are strong. (Str +2)
Your spells are a little easier to cast, but a little less powerful.


Message History

There is an open door, spattered with blood here.
Items here: )))))) [[[[[[ ÷ You closely miss the orc warrior.
The orc warrior is heavily wounded.
The orc warrior hits you but does no damage.
Your plate armour prevents you from hitting the orc warrior.
The orc warrior is heavily wounded.
You barely miss the orc warrior.
The orc warrior is heavily wounded.
You hit the orc warrior.
The orc warrior is moderately wounded.
You closely miss the orc warrior. The orc warrior barely misses you.
The orc warrior barely misses you.
The orc warrior hits you with a war axe!
* * * LOW HITPOINT WARNING * * *
The orc warrior hits you but does no damage.
The orc warrior barely misses you.
There is an open door, spattered with blood here.
Items here: )))))) [[[[[[ ÷ Are you sure you want to abandon this character and quit the game? (Confirm with "yes".)

#.........#.......#..
##.........##.....##..
#.....⌠.....#######...
##.........##,, ,,##..
#.........# , #..
##.......## ,, , ##.
#.......# , ,, #.
##o.o..## , , *
##@#### , , ##goog.##,
, #...o...#, ,
##..o....## , ,
#.........#, ,
##....g....## ,,*
#.....⌠.....#* +
##.........##8 8
#.........# ... *


You could see 5 orc warriors, an orc, 2 hobgoblins and a goblin.

Vanquished Creatures
  The ghost of flsc the Covered, an amateur MiFi of Makhleb (D:6)
  Grinder (D:5)
  A hungry ghost (D:8)
  4 orc warriors
  2 sky beasts
  2 black bears
  A necrophage (D:6)
  3 phantoms
  2 ogres
  4 centaurs
  A wyvern zombie (D:7)
  A scorpion (D:4)
  A crimson imp (D:4)
  2 quasits
  A jelly (D:8)
  A bullfrog zombie (D:7)
  7 orc priests
  Crazy Yiuf (D:7)
  5 hounds
  A bullfrog skeleton (D:7)
  Ijyb (D:3)
  Terence (D:2)
  An iguana (D:5)
  8 orc wizards
  5 worker ants
  Robin (D:4)
  15 gnolls
  4 adders
  3 oozes
  2 adder skeletons
  4 worms
  2 dart slugs
  5 leopard geckos
  26 orcs
  7 giant cockroaches
  28 goblins
  17 hobgoblins
  4 quokkas
  5 bats
  2 frilled lizards
  6 kobolds
  A leopard gecko skeleton (D:4)
  11 rats
201 creatures vanquished.

Notes
Turn   | Place    | Note
-------+----------+-------------------------------------------
     0 | D:1      | Jerry the Deep Dwarf Fighter began the quest for the Orb.
     0 | D:1      | Reached XP level 1. HP: 20/20 MP: 1/1
    92 | D:1      | Reached XP level 2. HP: 24/27 MP: 2/2
   798 | D:2      | Reached XP level 3. HP: 28/34 MP: 3/3
  1132 | D:2      | Reached skill level 3 in Axes
  1258 | D:2      | Noticed Terence
  1263 | D:2      | Killed Terence
  1263 | D:2      | Reached XP level 4. HP: 24/42 MP: 4/4
  1535 | D:3      | Noticed Ijyb
  1549 | D:3      | Killed Ijyb
  1620 | D:3      | Reached skill level 4 in Axes
  1697 | D:3      | Found a glowing silver altar of Zin.
  1791 | D:3      | Found an opulent altar of Gozag.
  2213 | D:3      | Reached XP level 5. HP: 27/49 MP: 5/5
  2653 | D:4      | Reached skill level 5 in Axes
  2653 | D:4      | Reached XP level 6. HP: 44/57 MP: 6/6
  2683 | D:4      | Noticed Robin
  2695 | D:4      | Killed Robin
  2710 | D:4      | Reached skill level 5 in Armour
  2939 | D:4      | Noticed Sigmund
  3104 | D:5      | Entered Level 5 of the Dungeon
  3122 | D:5      | Found a shadowy altar of Dithmenos.
  3390 | D:5      | Reached skill level 6 in Axes
  3390 | D:5      | Reached XP level 7. HP: 41/64 MP: 7/7
  3605 | D:5      | Noticed Grinder
  3622 | D:5      | Killed Grinder
  3622 | D:5      | Reached skill level 7 in Axes
  3648 | D:5      | Reached XP level 8. HP: 60/73 MP: 7/7
  3657 | D:4      | Gained mutation: Your spells are a little easier to cast, but a little less powerful. [mutagenic meat]
  3658 | D:4      | Gained mutation: You are covered in fur. (AC +1) [mutagenic meat]
  3659 | D:4      | Gained mutation: You occasionally shout uncontrollably at your foes. [mutagenic meat]
  3660 | D:4      | Gained mutation: You are frail. (-10% HP) [mutagenic meat]
  3670 | D:4      | Reached skill level 5 in Fighting
  4059 | D:6      | Found a hide-covered altar of Uskayaw.
  4157 | D:6      | Noticed flsc's ghost (amateur MiFi)
  4172 | D:6      | Killed flsc's ghost
  4172 | D:6      | Reached skill level 8 in Axes
  4584 | D:6      | Reached skill level 9 in Axes
  4747 | D:6      | Gained mutation: You passively map the area around you. [Deep Dwarf growth]
  4747 | D:6      | Reached XP level 9. HP: 13/73 MP: 7/7
  5063 | D:7      | Found a staircase to the Ecumenical Temple.
  5126 | Temple   | Entered the Ecumenical Temple
  5325 | Temple   | Became a worshipper of Makhleb the Destroyer
  5395 | D:7      | Reached skill level 10 in Axes
  5495 | D:7      | Found a sparkling altar of Nemelex Xobeh.
  5501 | D:7      | Found a blossoming altar of Fedhas.
  5501 | D:7      | Found a deep blue altar of Sif Muna.
  5504 | D:7      | Found a white marble altar of Elyvilon.
  5506 | D:7      | Found a basalt altar of Yredelemnul.
  5624 | D:7      | Found a stormy altar of Qazlal.
  5633 | D:7      | Found a shimmering altar of Xom.
  5699 | D:7      | Found a runed door.
  5867 | D:7      | Noticed Crazy Yiuf
  5873 | D:7      | Killed Crazy Yiuf
  5996 | D:8      | Reached skill level 1 in Invocations
  6183 | D:8      | Gained mutation: You are very frail. (-20% HP) [mutagenic meat]
  6184 | D:8      | Gained mutation: Your muscles are strong. (Str +2) [mutagenic meat]
  6186 | D:8      | Gained mutation: You are partially covered in icy blue scales. (AC +2) [mutagenic meat]
  6187 | D:8      | Gained mutation: You have sharp toenails. [mutagenic meat]
  6218 | D:8      | Found a flagged portal.
  6306 | Bailey   | Entered a bailey
  6333 | Bailey   | Reached * piety under Makhleb
  6516 | Bailey   | Reached ** piety under Makhleb
  6587 | Bailey   | HP: 2/68 [orc warrior/war axe (7)]
  6588 | Bailey   | Quit the game

Skill      XL: |  1  2  3  4  5  6  7  8  9 |
---------------+----------------------------+-----
Fighting       | 3 4 6 |  6.9
Armour         | 4 5 6 7 8 |  8.5
Axes           | 3 4 5 6 7 9 10 | 10.7
Invocations    | 3 |  3.2
Shields        | |  3.2

Action                   |  1- 3 |  4- 6 |  7- 9 || total
-------------------------+-------+-------+-------++-------
Melee: War axe           |   100 |   196 |   332 ||   628
       Hand axe          |       |       |   102 ||   102
       Whip              |       |       |    70 ||    70
 Abil: Device Recharging |       |       |     3 ||     3
Evoke: Wand              |       |     4 |    14 ||    18
  Use: Potion            |       |     1 |     4 ||     5
       Scroll            |       |       |    11 ||    11
  Eat: Chunk             |     1 |     7 |    31 ||    39
       Royal jelly       |       |       |     2 ||     2
Armor: Scale mail        |    72 |    12 |       ||    84
       Chain mail        |       |   122 |   164 ||   286
       Plate armour      |       |       |   163 ||   163
Dodge: Dodged            |    60 |    88 |   201 ||   349
